 Dungeon Crawl Stone Soup version 0.31-a0-236-g9a0961fb85 (webtiles) character file.

Game seed: 16580275069074770750

92 qw the Shooter (level 4, -10/26 HPs)
             Began as a Gargoyle Hexslinger on July 10, 2023.
             Mangled by an ice beast (12 damage)
             ... on level 5 of the Dungeon.
             The game lasted 00:00:50 (1948 turns).

qw the Shooter (Gargoyle Hexslinger)                Turns: 1948, Time: 00:00:51

Health: -10/26     AC: 10    Str: 11    XL:     4   Next: 60%
Magic:  5/5        EV: 10    Int: 14    God:
Gold:   117        SH:  0    Dex: 14    Spells: 4/5 levels left

rFire   . . .        Y - +1 sling
rCold   . . .        (no shield)
rNeg    + . .        l - +0 ring mail
rPois   inf          (no helmet)
rElec   +            j - +0 cloak
rCorr   .            m - +0 pair of gloves
SInv    .            (no boots)
Will    .....        (no amulet)
Stlth   +            (no ring)
HPRegen 0.24/turn    (no ring)
MPRegen 0.09/turn

%: no passive effects
@: no status effects
A: sickness immunity, AC +3, negative energy resistance 1, electricity
resistance, torment resistance 1, petrification resistance
a: no special abilities


You were on level 5 of the Dungeon.
You visited 1 branch of the dungeon, and saw 4 of its levels.

You collected 117 gold pieces.


Innate Abilities, Weirdness & Mutations

You are immune to sickness and miasma.
Your stone body is resilient. (AC +3)
You are immune to poison.
You resist negative energy. (rN+)
You are resistant to electric shocks. (rElec)
You are resistant to unholy torment.
You are immune to petrification.


   Skills:
 - Level 2.0 Fighting
 - Level 4.3 Ranged Weapons
 + Level 0.5 Armour
 - Level 1.5 Dodging
 - Level 1.0 Spellcasting
 - Level 2.6 Hexes


You had 4 spell levels left.
You knew the following spells:

 Your Spells              Type           Power      Damage    Failure   Level
a - Slow                  Hex            32%        N/A       22%         1

Your spell library contained the following spells:

 Spells                   Type           Power      Damage    Failure   Level
 Inner Flame              Hex/Fire       4%         N/A       73%         3
 Portal Projectile        Hex/Tloc       8%         N/A       73%         3
 Cause Fear               Hex            4%         N/A       91%         4

Inventory:

Hand Weapons
 Y - a +1 sling (weapon)
Armour
 j - a +0 cloak (worn)
 l - a +0 ring mail (worn)
 m - a +0 pair of gloves (worn)
Scrolls
 f - a scroll of identify
Potions
 a - a potion of might {unknown}
 d - a potion of degeneration {unknown}
 e - a potion of invisibility {unknown}
 h - a potion of curing {unknown}
 i - a potion of lignification {unknown}

Dungeon Overview and Level Annotations

Branches:
Dungeon (5/15)
 Temple: D:4-7

Altars:
Wu Jian

Shops:
D:1 :   D:2 (


Message History

You shoot a sling bullet.
The sling bullet barely misses the ice beast.
The ice beast hits you but does no damage.
You shoot a sling bullet.
The sling bullet hits the ice beast but does no damage.
The ice beast is moderately wounded.
The ice beast hits you but does no damage.
You shoot a sling bullet.
The sling bullet barely misses the ice beast.
The ice beast hits you but does no damage. x2
You shoot a sling bullet.
The sling bullet barely misses the ice beast.
The ice beast hits you but does no damage.
You shoot a sling bullet. The sling bullet hits the ice beast.
The ice beast is moderately wounded.
The ice beast barely misses you.
You shoot a sling bullet.
The sling bullet closely misses the ice beast.
The ice beast hits you but does no damage. x2
You shoot a sling bullet. The sling bullet hits the ice beast.
The ice beast is heavily wounded.
The ice beast hits you. The ice beast freezes you!
You shoot a sling bullet.
The sling bullet closely misses the ice beast.
The ice beast barely misses you.
You shoot a sling bullet.
The sling bullet hits the ice beast but does no damage.
The ice beast is heavily wounded.
The ice beast barely misses you.
You shoot a sling bullet. The sling bullet hits the ice beast.
The ice beast is heavily wounded.
The ice beast hits you but does no damage.
The ice beast hits you. The ice beast freezes you!
You shoot a sling bullet. The sling bullet hits the ice beast!
The ice beast is severely wounded.
The ice beast hits you but does no damage.
You shoot a sling bullet.
The sling bullet closely misses the ice beast.
The ice beast hits you. The ice beast freezes you!
You die...

#. #.#.. #.
#...# # #.##.#.#
#.#......
.......# # .[...
.# #Y.# .#
#.@##.###
#.......#
######....#.###
................
#######..#######
#.(# #... .....
.>....


You could see an ice beast.

Vanquished Creatures
  4 adders (D:2)
  2 dart slugs (D:1)
  7 ball pythons
  5 bats
  3 endoplasms
  3 giant cockroaches
  5 goblins
  3 hobgoblins
  4 jackals (D:1)
  5 quokkas
  4 frilled lizards
  2 kobolds (D:1)
  3 rats
50 creatures vanquished.

Notes
Turn   | Place    | Note
-------+----------+-------------------------------------------
     0 | D:1      | qw the Gargoyle Hexslinger began the quest for the Orb.
     0 | D:1      | Reached XP level 1. HP: 12/12 MP: 2/2
     0 | D:1      | 0 ||| qw: Version: 0.3-a-52-g30416fa
     0 | D:1      | 0 ||| qw: Game counter: 4740
     0 | D:1      | 0 ||| qw: Melee chars always use a shield: true
     0 | D:1      | 0 ||| qw: God list: Okawaru
     0 | D:1      | 0 ||| qw: Allow faded altars: false
     0 | D:1      | 0 ||| qw: Do Orc after clearing Dungeon:15 true
     0 | D:1      | 0 ||| qw: Do second Lair branch before Depths: true
     0 | D:1      | 0 ||| qw: Lair rune preference: random
     0 | D:1      | 0 ||| qw: Goals: Normal
     0 | D:1      | 0 ||| PLANNING D:1-11
   120 | D:1      | Reached XP level 2. HP: 16/16 MP: 3/3
   157 | D:1      | Reached skill level 3 in Ranged Weapons
   302 | D:1      | Reached XP level 3. HP: 20/21 MP: 4/4
   449 | D:1      | Found Jor Hoat's Book Shoppe.
   782 | D:1      | 782 ||| READING scroll labelled GEHAOL EDURIGA.
   883 | D:1      | 883 ||| READING scroll labelled IFOXTO ZEKK.
   884 | D:1      | 884 ||| READING scroll labelled PULIMU YRUTUYFESH.
   885 | D:1      | 885 ||| DROPPING scroll of poison.
  1015 | D:2      | Found Saulor's Weapon Boutique.
  1028 | D:2      | Reached XP level 4. HP: 25/26 MP: 5/5
  1072 | D:2      | Reached skill level 4 in Ranged Weapons
  1366 | D:2      | Found an ornate altar of the Wu Jian Council.
  1613 | D:2      | 1613 ||| UPGRADING to +0 cloak.
  1618 | D:2      | 1618 ||| UPGRADING to +0 leather armour.
  1628 | D:2      | 1628 ||| DROPPING +0 robe.
  1629 | D:2      | 1629 ||| UPGRADING to +0 ring mail.
  1639 | D:2      | 1639 ||| DROPPING +0 leather armour.
  1640 | D:2      | 1640 ||| UPGRADING to +0 pair of gloves.
  1645 | D:2      | 1645 ||| READING scroll labelled IZOOWK KUUCO.
  1646 | D:2      | 1646 ||| READING scroll labelled FOYK MOAHO.
  1647 | D:2      | 1647 ||| READING scroll labelled UXTEHINUAC.
  1930 | D:3      | You fall into a shaft and drop 2 floors!
  1930 | D:5      | Entered Level 5 of the Dungeon
  1931 | D:5      | 1931 ||| PLANNING OSSUARY
  1933 | D:5      | Noticed an ice beast
  1946 | D:5      | HP: 2/26 [ice beast (10)]
  1948 | D:5      | Mangled by an ice beast

Levels and vault maps discovered:
D:1:      dpeg_arrival_long_road, layout_loops_ring, serial_bayou,
          serial_bayou_pond_e, serial_bayou_pond_a, serial_bayou_pond_b,
          serial_bayou_pond_d, serial_bayou_shore_b, serial_bayou_lagoon_b,
          serial_shops, shop
D:2:      layout_loops_ring, serial_shops, shop, basic_altar,
          minmay_tree_intersection
D:3:      layout_loops_ring, old_standard_altar, serial_bayou,
          serial_bayou_pond_c, serial_bayou_pond_b, serial_bayou_pond_a,
          serial_bayou_shore_b, grunt_decor_mini_mirrors,
          minmay_misc_feat_doors, minmay_misc_feat_encased, fountainhead,
          kennysheep_generic_room_14
D:5:      layout_basic, chequers_ossuary_entry_cave,
          hangedman_abyss_or_decor_stagger, uniq_sigmund, uniq_ijyb

Skill      XL: |  1  2  3  4 |
---------------+-------------+-----
Ranged Weapons | 3 4 |  4.3
Fighting       | 2 |  2.0
Armour         | |  0.5
Dodging        | |  1.5
Spellcasting   | |  1.0
Hexes          | |  2.6

Action                     |  1- 3 |  4- 6 || total
---------------------------+-------+-------++-------
   Fire: Sling             |   109 |    89 ||   198
    Use: Scroll            |     3 |     3 ||     6
 Armour: Robe              |    16 |    10 ||    26
         Ring mail         |       |    16 ||    16
  Dodge: Dodged            |    38 |    29 ||    67

Table legend:
 A = Non-vault XP
 B = Vault XP
 C = Vault XP percentage of total XP
 D = Non-vault monster count
 E = Vault monster count
 F = Vault count percentage of total count
                 A         B        C        D         E       F
            +---------+---------+-------+---------+---------+-------
      Total |     132 |       0 |   0.0 |      50 |       0 |   0.0
            +---------+---------+-------+---------+---------+-------
        D:1 |      47 |       0 |   0.0 |      25 |       0 |   0.0
        D:2 |      75 |       0 |   0.0 |      18 |       0 |   0.0
        D:3 |      10 |       0 |   0.0 |       7 |       0 |   0.0
            +---------+---------+-------+---------+---------+-------
